 Dungeon Crawl Stone Soup version 0.16-a0-1885-g0f03bb0 (webtiles) character file.

115 Kraw the Cutter (level 5, -1/35 HPs)
             Began as a Halfling Abyssal Knight on Nov 7, 2014.
             Was a Believer of Lugonu.
             Slain by an orc priest
             ... wielding a +0 falchion
              (6 damage)
             ... on level 2 of the Dungeon.
             The game lasted 00:08:27 (2486 turns).

Kraw the Cutter (Halfling Abyssal Knight)           Turns: 2486, Time: 00:08:28

Health: -1/35      AC:  6    Str: 12    XL:     5   Next: 20%
Magic:  9/9        EV: 10    Int: 12    God:    Lugonu [**....]
Gold:   125        SH:  0    Dex: 14    Spells: 0 memorised, 4 levels left

rFire  . . .     SeeInvis .     a - +1 short sword
rCold  . . .     Clarity  .     d - +0 scale mail
rNeg   . . .     SustAb   .     (no shield)
rPois  .         Gourm    .     (no helmet)
rElec  .         Spirit   .     (no cloak)
rCorr  .         Warding  .     (no gloves)
rMut   .         Stasis   .     (no boots)
MR     .....                    (no amulet)
Stlth  ..........               (no ring)
                                (no ring)

@: not resistant to hostile enchantments, extremely unstealthy
A: mutation resistance 1
a: Depart the Abyss, Bend Space, Renounce Religion


You were on level 2 of the Dungeon.
You worshipped Lugonu.
Lugonu was pleased with you.
You were not hungry.

You visited 1 branch of the dungeon, and saw 3 of its levels.
You visited the Abyss 1 time.

You collected 125 gold pieces.

Inventory:

Hand weapons
 a - a +1 short sword (weapon)
Missiles
 e - 64 stones (quivered)
 p - 7 sling bullets
Armour
 d - a +0 scale mail (worn)
 n - a +2 leather armour of magic resistance
Jewellery
 o - an uncursed ring of protection from magic {unknown}
Scrolls
 b - a scroll of noise {unknown}
 f - 6 scrolls of identify {unknown}
 g - 2 scrolls of blinking {unknown}
 k - a scroll of remove curse {unknown}
 m - 3 scrolls of enchant armour {unknown}
Potions
 h - 3 potions of heal wounds {unknown}
 i - a potion of curing {unknown}
 j - 2 potions of invisibility {unknown}
 l - a potion of cure mutation {unknown}
 q - a potion of haste {unknown}
 r - a potion of flight {unknown}
 t - a potion of might {unknown}
Comestibles
 c - 3 bread rations
 s - 2 chunks of flesh


   Skills:
 - Level 2.6 Fighting
 + Level 4.9 Short Blades
 - Level 2.1 Armour
 - Level 1.1 Dodging
 + Level 4.0 Invocations


You had 4 spell levels left.
You didn't know any spells.

Dungeon Overview and Level Annotations

Branches:
Dungeon (3/15)

Altars:


Innate Abilities, Weirdness & Mutations

You are small and have problems with some larger weapons.
You are somewhat resistant to further mutation.


Message History

You hit the orc priest but do no damage.
The orc priest is heavily wounded.
You hit the orc priest.
The orc priest is heavily wounded.
The orc priest hits you but does no damage.
You barely miss the orc priest.
The orc priest is heavily wounded.
The orc priest hits you with a falchion.
* * * LOW HITPOINT WARNING * * *
You closely miss the orc priest.
The orc priest is heavily wounded.
The orc priest mumbles some strange prayers to Beogh against you.
Pain shoots through your body!
* * * LOW HITPOINT WARNING * * *
You hit the orc priest.
The orc priest is severely wounded.
You hit the orc priest.
The orc priest is almost dead.
The orc priest hits you with a falchion.
You die...

#.##.##.#.##....#.#.#..'.'.(#.#.
#.##.##.#.##(##...#.#..#.#..#.#.
#.##....#....####.#.####.##'#.#.
#.#############...#...........#.
#.##....#....##...#.####.##'#.##
#.##.##.#.##.##...#.#..'.'..#.##
#....##.#.##......#.#..#.#..#.#
#######.#.#####.).#.#'##.####.#
#.#.# #@..#...........#
####.#.#####.o.#.#+##.####.#
#....#....######.#..'.').#.#
#.#######.# #.#..#.#..#.# ##.#
#.## #.####.##'#.# #..# ##..#
#........)..#
####.#######..######.####.##'#.#
[..........).###...#.#..'.').#.#
######...##.## #.#.#.#⌠.#.#..#.#


You could see an orc priest.

Vanquished Creatures
  A gnoll (D:1)
  4 adders (D:2)
  3 worms (D:2)
  3 giant geckos
  An ooze (D:2)
  2 orcs (D:2)
  8 bats
  2 giant cockroaches (D:2)
  3 goblins
  7 hobgoblins
  3 giant newts (D:2)
  9 kobolds
  4 rats
50 creatures vanquished.

Notes
Turn   | Place    | Note
--------------------------------------------------------------
     0 | Abyss:1  | Kraw, the Halfling Abyssal Knight, began the quest for the Orb.
     0 | Abyss:1  | Reached XP level 1. HP: 15/15 MP: 1/1
    12 | Abyss:1  | Noticed a large abomination
    13 | D:1      | Escaped the Abyss
   201 | D:1      | Reached skill level 3 in Short Blades
   201 | D:1      | Reached XP level 2. HP: 20/20 MP: 2/2
   202 | D:1      | Acquired Lugonu's first power
   471 | D:1      | Reached XP level 3. HP: 12/25 MP: 3/5
  1124 | D:2      | Reached skill level 4 in Short Blades
  1319 | D:2      | Reached XP level 4. HP: 30/30 MP: 7/7
  1665 | D:2      | Acquired Lugonu's second power
  1972 | D:2      | Reached XP level 5. HP: 30/35 MP: 9/9
  2486 | D:2      | Slain by an orc priest

Action                   |  1- 3 |  4- 6 || total
-------------------------+-------+-------++-------
Melee: Short sword       |    99 |   124 ||   223
Throw: Stone             |    36 |    30 ||    66
Invok: Depart the Abyss  |     1 |       ||     1
  Eat: Chunk             |     1 |     4 ||     5
